 Dungeon Crawl Stone Soup version 0.32-a0-41-gec2d92a32c (console) character file.

Game seed: 14102126027938992055

419 petzl the Sneak (level 7, -2/50 (53) HPs)
             Began as a Formicid Delver on Jan 25, 2024.
             Hit by a large rock thrown by a cyclops (32 damage)
             ... on level 11 of the Dungeon.
             The game lasted 00:14:55 (2376 turns).

petzl the Sneak (Formicid Delver)                   Turns: 2376, Time: 00:14:56

HP:   -2/50 (53)    AC:  4    Str: 17    XL:     7   Next: 16%
MP:   15/15         EV: 12    Int: 11    God:
Gold: 35            SH:  0    Dex: 15    Spells: 17/17 levels left

rFire   . . .        b - +0 longbow
rCold   . . .        (no shield)
rNeg    . . .        g - +0 leather armour
rPois   .            (helmet unavailable)
rElec   .            (no cloak)
rCorr   .            (no gloves)
SInv    +            h - +0 pair of boots
Will    .....        (no amulet)
Stlth   +++          (no ring)
HPRegen 0.28/turn    (no ring)
MPRegen 0.14/turn

%: no passive effects
@: drained
A: permanent stasis, dig shafts and tunnels, antennae 3, four strong arms
a: Dig, Shaft Self


You were on level 11 of the Dungeon.
You visited 1 branch of the dungeon, and saw 9 of its levels.

You collected 35 gold pieces.

Inventory:

Hand Weapons
 a - a +0 quarterstaff
 b - a +0 longbow (weapon)
 k - a +0 mace
 o - a +0 sling
 p - a +2 dagger of draining {!f =f}
Armour
 g - a +0 leather armour (worn)
 h - a +0 pair of boots (worn)
Jewellery
 l - a ring of positive energy
Wands
 f - a wand of digging (1)
Scrolls
 c - a scroll of fog
 d - a scroll of revelation
 e - a scroll of identify
 j - a scroll of enchant armour
 n - a scroll of torment {unknown}
Potions
 i - a potion of enlightenment
 m - a potion of resistance {unknown}


   Skills:
 + Level 3.9 Fighting
 - Level 2.5 Maces & Flails
 * Level 1.0 Ranged Weapons
 - Level 2.3 Dodging
 - Level 6.4 Stealth
 + Level 5.5 Spellcasting


You had 17 spell levels left.
You didn't know any spells.
Your spell library contained the following spells:

 Spells                   Type           Power      Damage    Failure   Level
 Leda's Liquefaction      Alch/Erth      1%         N/A       94%         4
 Lee's Rapid Deconstruct  Erth           1%         3d4*      100%        5
 Bombard                  Conj/Erth      1%         9d1       100%        6


Dungeon Overview and Level Annotations

Branches:
Dungeon (12/15)
 Temple: D:4-7         Lair: D:8-11         Orc: D:9-12

Altars:

Portals:
Trove: D:12 (show slimy rune of Zot)

Annotations:
D:6 exclusion: upstairs
D:7 exclusion: upstairs
D:11 3 runed translucent doors, exclusion: downstairs, Snorg; grandjackal's ghost, journeyman MfSh
D:12 Fannar


Innate Abilities, Weirdness & Mutations

You cannot be hasted, slowed, berserked, paralysed or teleported.
You can dig through walls and to a lower floor.
You have a pair of large antennae on your head. (SInv)
Your four strong arms can wield two-handed weapons with a shield.


Message History

Found a leather armour.
Found a stone staircase leading up.
You start resting.
HP restored.
Adjust (i)tems, (s)pells, or (a)bilities?
o - a +0 longbow Adjust to which letter? (? for menu, Esc to quit)
b - a +0 longbow;
o - a +0 sling
b - a +0 longbow (weapon)
Unknown command.
There is a stone staircase leading up here.
You open the door.
Found a portal to a secret trove of treasure.
There is an open door here.
There is a portal to a secret trove of treasure here.
This trove requires the presence of the slimy rune of Zot to function.
Show it the item?
Okay, then.
Unknown command.
This trove requires the presence of the slimy rune of Zot to function.
Show it the item?
You don't have the slimy rune of Zot with you.
There is an open door here.
Fannar the Cold-Hearted comes into view.
They are wielding a +0 quarterstaff of freezing and wearing a +1 robe of cold resistance.
Fannar shouts!
Okay, then.
Unknown command.
There is a stone staircase leading up here.
You climb upwards.
Level annotation: 3 runed translucent doors, Snorg; grandjackal's ghost, journeyman MfSh The two-headed ogre shouts in stereo!
The cyclops shouts!
There is a stone staircase leading down here.
Press: ? - help, v - describe, . - travel The floor.
Unknown command.
Unknown command.
Unknown command.
Are you sure you want to shaft yourself?
The two-headed ogre barely misses you.
The two-headed ogre hits you with a +0 dire flail!!
The cyclops throws a large rock.
The large rock hits you!!
Ouch! That really hurt!
You die...

# .#
####.#####
#@O.......
#.>.......
#...C.....
#.........
#.........
#.........
#.........
#.........
##########


You could see a two-headed ogre and a cyclops.

Vanquished Creatures
  A water moccasin (D:7)
  A scorpion (D:6)
  A killer bee (D:7)
  An orc priest (D:6)
  2 iguanas
  4 orc wizards
  2 gnolls
  An adder (D:6)
  5 orcs
  A quokka (D:5)
19 creatures vanquished.

Notes
Turn   | Place    | Note
-------+----------+-------------------------------------------
     0 | D:5      | petzl the Formicid Delver began the quest for the Orb.
     0 | D:5      | Reached XP level 1. HP: 18/18 MP: 1/1
     3 | D:6      | Noticed an orc priest
     3 | D:6      | Noticed an orc wizard
     3 | D:6      | Noticed an orc wizard
    74 | D:6      | Noticed an ogre
    94 | D:5      | Noticed an iguana
   112 | D:5      | You fall into a shaft and drop 3 floors!
   277 | D:8      | Noticed a howler monkey
   295 | D:10     | Entered Level 10 of the Dungeon
   371 | D:10     | Noticed a yak
   371 | D:10     | Noticed a yak
   371 | D:10     | Noticed a centaur
   484 | D:6      | Noticed an ice beast
   513 | D:7      | Noticed a killer bee
   522 | D:7      | Killed a killer bee
   523 | D:7      | Reached XP level 2. HP: 23/25 MP: 2/2
   523 | D:7      | Reached XP level 3. HP: 28/30 MP: 3/3
   539 | D:7      | Noticed a water moccasin
   548 | D:7      | Reached skill level 1 in Spellcasting
   548 | D:7      | Reached XP level 4. HP: 20/37 MP: 3/6
   554 | D:7      | Killed a water moccasin
   555 | D:7      | Reached XP level 5. HP: 23/42 MP: 3/10
   737 | D:7      | Reached XP level 6. HP: 36/48 MP: 10/12
   959 | D:6      | Reached skill level 5 in Spellcasting
   969 | D:5      | HP: 2/45 [gnoll/+1 flail of draining (2)]
  1214 | D:5      | Reached XP level 7. HP: 37/50 MP: 15/15
  1343 | D:5      | You fall into a shaft and drop 2 floors!
  1513 | D:6      | You fall into a shaft and drop 2 floors!
  1937 | D:8      | Reached skill level 1 in Ranged Weapons
  1989 | D:7      | You fall into a shaft and drop 2 floors!
  2124 | D:9      | You fall into a shaft and drop 2 floors!
  2197 | D:11     | Noticed Snorg
  2210 | D:11     | Noticed a vampire
  2210 | D:11     | Found a runed translucent gate.
  2210 | D:11     | Found a runed translucent gate.
  2210 | D:11     | Found a runed translucent gate.
  2212 | D:11     | Noticed grandjackal's ghost (journeyman MfSh)
  2212 | D:11     | Noticed a cyclops
  2214 | D:11     | Noticed a shadow
  2214 | D:11     | Noticed an acid dragon
  2214 | D:11     | Noticed a wraith
  2214 | D:11     | Noticed an ogre mage
  2245 | D:11     | Noticed a two-headed ogre
  2252 | D:11     | You fall into a shaft and drop 1 floor!
  2345 | D:12     | Found a portal to a secret trove of treasure.
  2361 | D:12     | Noticed Fannar
  2374 | D:11     | Noticed a two-headed ogre
  2374 | D:11     | Noticed a cyclops
  2376 | D:11     | Hit by a large rock thrown by a cyclops

Illustrated notes

Levels and vault maps discovered:
D:4:      layout_cave_pools, mainiacjoe_overflow_catwalk,
          mainiacjoe_overflow_concentric_impassable, tso_metal_star,
          minmay_temple_entry_statues, glass_columns_a
D:5:      layout_cave_pools, gammafunk_temple_overflow_pools
D:6:      layout_basic, grunt_temple_overflow_opulence, lemuel_doored_altar,
          mainiacjoe_overflow_cross_hatched, chequers_garden,
          dk_rats_in_the_wall
D:7:      layout_cave_pods
D:8:      layout_loops_ring, nicolae_vehumet_radiance, david_lair_generic,
          st_stairs_7
D:9:      layout_rooms, minivault_27, hex_tiny, kennysheep_flooded_box
D:10:     layout_basic, enter_bailey_4, gammafunk_ghost_wrathful_warriors,
          kennysheep_decorative_pillar
D:11:     layout_rooms, david_orc_3, gammafunk_ghost_split,
          minmay_fractal_squares_5, uniq_snorg, uniq_lodul
D:12:     layout_roguey, enter_trove_3, uniq_fannar, uniq_frances, uniq_jorgrun,
          uniq_nergalle

Skill      XL: |  1  2  3  4  5  6  7 |
---------------+----------------------+-----
Dodging        | 2 |  2.3
Spellcasting   | 1 3 4 5 |  5.5
Ranged Weapons | 1 |  1.0
Fighting       | |  3.9
Maces & Flails | |  2.5
Stealth        | |  6.4

Action                     |  1- 3 |  4- 6 |  7- 9 || total
---------------------------+-------+-------+-------++-------
  Melee: Mace              |     6 |       |       ||     6
         Quarterstaff      |     6 |    51 |    36 ||    93
         Punch             |       |     2 |     1 ||     3
   Fire: Sling             |       |       |     6 ||     6
Ability: Shaft Self        |     1 |       |     6 ||     7
         Dig               |       |       |     1 ||     1
  Evoke: Wand              |     3 |     7 |     2 ||    12
    Use: Scroll            |     1 |     3 |     1 ||     5
         Potion            |       |     1 |     2 ||     3
   Stab: Paralysed         |     6 |     9 |       ||    15
 Armour: Leather armour    |     9 |    37 |    54 ||   100
  Dodge: Dodged            |     9 |    22 |    36 ||    67

Table legend: (Time is in decaauts)
 A = Elapsed time spent in this place.
 B = Non-inter-level travel time spent in this place.
 C = Inter-level travel time spent in this place.
 D = Time resting spent in this place.
 E = Time spent auto-exploring this place.
 F = Levels seen in this place.
 G = Mean time per level.
                   A        B        C        D        E       F      G
               +--------+--------+--------+--------+--------+-----+--------+
         Total |   2408 |   2339 |     69 |   1215 |    174 |   9 |  267.6 |
       Dungeon |   2408 |   2339 |     69 |   1215 |    174 |   9 |  267.6 |
               +--------+--------+--------+--------+--------+-----+--------+

Top non-repeatable levels by time:
     D:7: 642 daAuts
     D:8: 572 daAuts
     D:6: 342 daAuts
     D:5: 309 daAuts
     D:9: 170 daAuts
    D:11: 130 daAuts
    D:12: 121 daAuts
    D:10: 114 daAuts
     D:4: 4 daAuts
